 Dungeon Crawl Stone Soup version 0.18-a0-1327-gce91241 (webtiles) character file.

292 Reinor the Sneak (level 6, 0/32 HPs)
             Began as a Spriggan Abyssal Knight on Feb 16, 2016.
             Was a Believer of Lugonu.
             Slain by a river rat (7 damage)
             ... on level 3 of the Dungeon.
             The game lasted 00:08:44 (2917 turns).

Reinor the Sneak (Spriggan Abyssal Knight)          Turns: 2917, Time: 00:08:45

Health: 0/32       AC:  4    Str: 13    XL:     6   Next: 10%
Magic:  8/8        EV: 18    Int: 16    God:    Lugonu [**....]
Gold:   142        SH:  0    Dex: 15    Spells: 0 memorised, 5 levels left

rFire  . . .     SeeInvis +     g - +1 dagger (vamp)
rCold  + . .     Gourm    .     b - +0 robe
rNeg   . . .     Faith    .     (shield restricted)
rPois  .         Spirit   .     (helmet restricted)
rElec  .         Dismiss  .     f - +1 cloak
rCorr  .         Reflect  .     (gloves unavailable)
SustAt .         Harm     .     (boots unavailable)
MR     +....                    (no amulet)
Stlth  ++++......               o - ring of protection from fire
                                k - ring of ice

@: mighty, very quick, somewhat resistant to hostile enchantments, stealthy
A: unfitting armour, see invisible, herbivore 3, speed 3, slow metabolism 2
a: Depart the Abyss, Bend Space, Renounce Religion


You were on level 3 of the Dungeon.
You worshipped Lugonu.
Lugonu was pleased with you.
You were not hungry.

You visited 1 branch of the dungeon, and saw 3 of its levels.
You visited the Abyss 1 time.

You collected 142 gold pieces.

Inventory:

Hand Weapons
 g - a +1 vampiric dagger (weapon)
Missiles
 d - 4 poisoned needles
Armour
 b - a +0 robe (worn)
 f - a +1 cloak (worn)
Jewellery
 k - a ring of ice (left hand)
 o - a ring of protection from fire (right hand)
Wands
 l - a wand of iceblast (5/15)
Potions
 e - a potion of flight
 h - a potion of heal wounds
 i - a potion of haste
Comestibles
 c - a bread ration


   Skills:
 - Level 2.4 Fighting
 - Level 5.4 Short Blades
 - Level 3.5 Dodging
 + Level 6.2 Stealth
 - Level 1.7 Invocations


You had 5 spell levels left.
You didn't know any spells.

Dungeon Overview and Level Annotations

Branches:
Dungeon (3/15)

Altars:
Kikubaaqudgha


Innate Abilities, Weirdness & Mutations

You are tiny and cannot use many weapons and most armour.
You have supernaturally acute eyesight.
You are an herbivore.
You cover ground extremely quickly.
You need consume almost no food.


Message History

You hit the river rat but do no damage.
The river rat is lightly wounded.
The river rat closely misses you.
You closely miss the river rat.
The river rat is lightly wounded.
You hit the river rat but do no damage.
The river rat is lightly wounded.
The river rat bites you.
* * * LOW HITPOINT WARNING * * *
You barely miss the river rat.
The river rat is lightly wounded.
The river rat barely misses you.
You closely miss the river rat.
The river rat is lightly wounded.
The river rat closely misses you.
Drink which item? (? for menu, Esc to quit)
It was a potion of might.
You feel very mighty all of a sudden. The river rat bites you!
You die...

#.#...######### #.............#
###### #######.............#
#..... ....................#
#.....
..)).............)..########.....
....................#.(..........
.....#..........#†......(........
................(†####.###.......
.....#.....##.#.@##≈≈### #.......
##..............#rs≈≈≈≈+ #.......
................#r≈≈≈≈≈+ #.......
................+##≈≈### #.#.....
.......##.#..... ### #.......
........# #..... ........
........# #..... ....)...# ......
........#


You could see a river rat, a giant cockroach and a rat.

Vanquished Creatures
  3 vampire bats (D:2)
  Jessica (D:2)
  7 adders
  5 oozes
  A worm (D:2)
  5 orcs
  2 bats
  A bat skeleton (D:2)
  5 bat zombies (D:2)
  A giant cockroach (D:2)
  4 goblins
  5 hobgoblins
  2 jackals (D:3)
  7 kobolds
  A quokka (D:2)
  A ball python (D:2)
  6 giant newts
  5 rats
62 creatures vanquished.

Vanquished Creatures (others)
  A goblin (D:3)
1 creature vanquished.

Grand Total: 63 creatures vanquished

Notes
Turn   | Place    | Note
--------------------------------------------------------------
     0 | Abyss:1  | Reinor the Spriggan Abyssal Knight began the quest for the Orb.
     0 | Abyss:1  | Reached XP level 1. HP: 11/11 MP: 3/3
    60 | Abyss:2  | Noticed a blink frog
    61 | Abyss:2  | Noticed a blink frog
    61 | Abyss:2  | Noticed a blink frog
    85 | Abyss:2  | Noticed a raiju
    87 | Abyss:2  | Noticed a raiju
    87 | Abyss:2  | Noticed a raiju
    88 | D:1      | Escaped the Abyss
   332 | D:1      | Reached skill level 1 in Stealth
   363 | D:1      | Reached XP level 2. HP: 11/16 MP: 4/4
   464 | D:1      | Reached * piety under Lugonu
   769 | D:1      | Reached XP level 3. HP: 19/19 MP: 5/5
  1396 | D:2      | Found an ancient bone altar of Kikubaaqudgha.
  1444 | D:2      | Noticed Jessica
  1451 | D:2      | Killed Jessica
  1451 | D:2      | Reached skill level 4 in Short Blades
  1451 | D:2      | Reached XP level 4. HP: 2/23 MP: 6/6
  2227 | D:2      | Reached ** piety under Lugonu
  2227 | D:2      | Reached skill level 5 in Short Blades
  2247 | D:2      | Reached XP level 5. HP: 24/27 MP: 7/7
  2343 | D:2      | Reached skill level 5 in Stealth
  2861 | D:3      | Reached XP level 6. HP: 21/32 MP: 8/8
  2880 | D:3      | Reached skill level 6 in Stealth
  2917 | D:3      | Slain by a river rat

Vault maps used:
D:1:      nicolae_arrival_washed_ashore
D:2:      kennysheep_vampire_church, uniq_jessica
D:3:      gup_sewer_entry_bowl, uniq_grinder, uniq_robin, uniq_iyjb

Action                   |  1- 3 |  4- 6 || total
-------------------------+-------+-------++-------
Melee: Short sword       |    78 |     3 ||    81
       Dagger            |       |   219 ||   219
Invok: Depart the Abyss  |     1 |       ||     1
  Use: Scroll            |     3 |     2 ||     5
       Potion            |       |     5 ||     5
 Stab: Distracted        |     1 |       ||     1
       Sleeping          |     7 |     3 ||    10
  Eat: Bread ration      |       |     1 ||     1
